 Dungeon Crawl Stone Soup version 0.31-a0-960-g0fca184906 (webtiles) character file.

Game seed: 16986349919821478553

653 avis the Caller (level 7, 30/30 HPs)
             Began as a Felid Summoner on Oct 24, 2023.
             Was an Initiate of Gozag.
             Got out of the dungeon alive.
             The game lasted 00:38:34 (4489 turns).

avis the Caller (Felid Summoner)                    Turns: 4489, Time: 00:38:35

Health: 30/30      AC:  2    Str:  4    XL:     7   Next: 28%
Magic:  15/15      EV: 18    Int: 19    God:    Gozag
Gold:   484        SH:  0    Dex: 16    Spells: 3/16 levels left
                                        Lives:  0   Deaths: 2

rFire   . . .        (weapon unavailable)
rCold   . . .        (shield unavailable)
rNeg    . . .        (body armour unavailable)
rPois   .            (helmet unavailable)
rElec   .            (cloak unavailable)
rCorr   .            (gloves unavailable)
SInv    +            (boots unavailable)
Will    +....        f - amulet of magic regeneration
Stlth   ++           (no ring)
HPRegen 0.25/turn    (no ring)
MPRegen 0.54/turn

%: no passive effects
@: quick
A: very small, claws 1, fangs 3, see invisible, speed 1, shaggy fur 2, stealthy
paws, no weapons or thrown items, no armour, multi-lived
a: Renounce Religion, Potion Petition, Call Merchant, Bribe Branch


You escaped.
You worshipped Gozag.
Gozag was aware of your devotion.
You visited 1 branch of the dungeon, and saw 5 of its levels.

You collected 542 gold pieces.
You paid 58 gold pieces to Gozag.

Inventory:

Jewellery
 f - an amulet of magic regeneration (around neck)
Wands
 q - a wand of polymorph (3)
Scrolls
 h - a scroll of immolation {unknown}
 i - 2 scrolls of vulnerability {unknown}
 j - 7 scrolls of identify {unknown}
 k - a scroll of silence {unknown}
 m - a scroll of enchant armour {unknown}
 o - a scroll of teleportation {unknown}
 p - 2 scrolls of blinking {unknown}
Potions
 a - a potion of magic
 b - a potion of cancellation {unknown}
 c - a potion of heal wounds {unknown}
 d - 3 potions of brilliance {unknown}
 e - a potion of attraction {unknown}
 g - a potion of resistance {unknown}
 l - a potion of might {unknown}
 n - 4 potions of haste {unknown}
 r - a potion of mutation {unknown}


   Skills:
 + Level 2.3 Fighting
 + Level 4.3 Dodging
 - Level 2.6 Stealth
 * Level 5.0 Spellcasting
 * Level 4.4 Hexes
 + Level 5.3 Summonings


You had 3 spell levels left.
You knew the following spells:

 Your Spells              Type           Power      Damage    Failure   Level
a - Summon Small Mammal   Summ           100%       N/A       1%          1
c - Call Imp              Summ           50%        N/A       2%          2
d - Call Canine Familiar  Summ           25%        N/A       4%          3
g - Summon Guardian Gole  Hex/Summ       23%        N/A       4%          3
l - Summon Lightning Spi  Summ/Air       14%        N/A       38%         4

Your spell library contained the following spells:

 Spells                   Type           Power      Damage    Failure   Level
 Gell's Gravitas          Tloc           4%         N/A       36%         3
 Hailstorm                Conj/Ice       4%         3d4       36%         3
 Teleport Other           Tloc           4%         N/A       36%         3
 Volatile Blastmotes      Fire/Tloc      8%         2d10      36%         3
 Summon Ice Beast         Ice/Summ       14%        N/A       38%         4
 Fulminant Prism          Conj/Hex       6%         3d6       45%         4
 Iskenderun's Mystic Bla  Conj/Tloc      4%         2d3       77%         4
 Dispersal                Tloc           2%         N/A       100%        6
 Simulacrum               Ice/Necr       Unusable   N/A       N/A         6

Dungeon Overview and Level Annotations

Branches:
Dungeon (5/15)
 Temple: D:4-7

Altars:
Gozag

Shops:
D:3 *


Innate Abilities, Weirdness & Mutations

You have sharp claws.
You have razor-sharp teeth.
You have supernaturally acute eyesight. (SInv)
You cover ground quickly. (Speed+)
You are covered in thick fur. (AC +2)
Your paws help you pounce on unaware monsters.
You are incapable of wielding weapons or throwing items.
You cannot wear armour.
You gain extra lives every three experience levels.


Message History

The orc hits your hound with a +0 war axe!
The orc hits your cerulean imp with a +0 war axe.
The orc priest calls down the wrath of Beogh upon you.
Beogh smites you!
* * * LOW HITPOINT WARNING * * *
Your cerulean imp closely misses the orc.
Your hound closely misses the orc.
The orc closely misses your hound.
The orc hits your cerulean imp with a +0 war axe.
Your hound bites the orc.
Your cerulean imp hits the orc with a -2 spear.
The orc closely misses your hound.
The orc hits your cerulean imp with a +0 war axe.
Casting: Call Imp (safe; 2% risk of failure)
Confirm with . or Enter, or press ? or * to list all spells.
A guardian golem appears, shielding your allies.
Your hound closely misses the orc.
Your cerulean imp hits the orc but does no damage.
The orc priest calls down the wrath of Beogh upon you.
Beogh smites you!
You die...
Your hound bites the orc but does no damage.
The orc hits your hound with a +0 war axe!
Your hound dies!
Your hound's corpse disappears in a puff of smoke!
The orc hits your cerulean imp but does no damage.
The orc shouts!
You rejoin the land of the living...
What level of the Dungeon? (default 4, ? - help)
There is a stone staircase leading up, spattered with blood here.
You climb upwards.
There is a stone staircase leading down here.
There is a stone staircase leading up here.
You climb upwards.
There is a stone staircase leading down here.
There is a stone staircase leading up here.
You climb upwards.
There is a stone staircase leading down here.
You see here a +0 club.
There is a staircase leading out of the dungeon here.
You have escaped!

#.### #...# ##.#
#...####### ###'######...
#.#.......####.##........
#.####....#.#>#.######...
#.# #....'#.##.# ##.# #.#
#....#####'#######.# #.#
#....##..........#.# #.#
#...>##........#.#.#
#.####..@.##......#.#.#.#
#....#....#######.#.#.#..
####.#....# #.###.#.#.###
#.########............
#.# #.....#.#.#.### #.#
###.....#[#.#.# #.#
#.............# #.#
#.#.........#.### #.#
#.#...........)..


There were no monsters in sight!

Vanquished Creatures
  3 bats
3 creatures vanquished.

Vanquished Creatures (collateral kills)
  A water moccasin (D:4)
  A scorpion (D:4)
  An orc priest (D:5)
  An iguana (D:5)
  4 orc wizards
  A nameless horror (D:2)
  Robin (D:4)
  4 gnolls
  A river rat (D:4)
  8 adders
  A white imp (D:5)
  4 worms
  A dart slug (D:1)
  16 orcs
  9 endoplasms
  7 giant cockroaches
  14 goblins
  8 hobgoblins
  7 kobolds
  5 quokkas
  7 ball pythons
  2 bats
  2 frilled lizards
  4 rats
110 creatures vanquished.

Vanquished Creatures (others)
  An orc priest (D:5)
  An iguana (D:5)
2 creatures vanquished.

Grand Total: 115 creatures vanquished

Notes
Turn   | Place    | Note
-------+----------+-------------------------------------------
     0 | D:1      | avis the Felid Summoner began the quest for the Orb.
     0 | D:1      | Reached XP level 1. HP: 7/7 MP: 4/4
     7 | D:1      | You fall into a shaft and drop 1 floor!
   355 | D:1      | Reached XP level 2. HP: 11/11 MP: 4/6
   376 | D:1      | Learned a level 2 spell: Call Imp
  1176 | D:1      | Reached XP level 3. HP: 14/14 MP: 5/8
  1186 | D:1      | Learned a level 3 spell: Call Canine Familiar
  1441 | D:2      | Reached XP level 4. HP: 18/18 MP: 8/10
  1614 | D:2      | Learned a level 3 spell: Summon Guardian Golem
  1758 | D:2      | Found a faded altar of an unknown god.
  1900 | D:3      | Found Imed's Assorted Antiques.
  1909 | D:3      | Noticed a nameless horror
  1928 | D:2      | Killed a nameless horror
  1999 | D:3      | Reached skill level 1 in Hexes
  2065 | D:3      | Reached XP level 5. HP: 21/21 MP: 7/11
  2415 | D:3      | Found an opulent altar of Gozag.
  2421 | D:3      | Became a worshipper of Gozag Ym Sagoz the Greedy
  2733 | D:4      | Noticed a water moccasin
  2793 | D:4      | Killed a water moccasin
  2794 | D:4      | Reached skill level 1 in Fighting
  2794 | D:4      | Reached skill level 5 in Summonings
  2794 | D:4      | Gained mutation: You are covered in thick fur. (AC +2)
                  | [Felid growth]
  2794 | D:4      | Reached XP level 6. HP: 25/25 MP: 7/13
  2799 | D:4      | Learned a level 4 spell: Summon Lightning Spire
  3659 | D:4      | Noticed Robin
  3676 | D:4      | Killed Robin
  3943 | D:5      | Entered Level 5 of the Dungeon
  3960 | D:5      | Reached XP level 7. HP: 30/30 MP: 9/15
  4115 | D:5      | Killed from afar by an orc priest
  4139 | D:5      | Reached skill level 5 in Spellcasting
  4369 | D:4      | Killed from afar by an orc priest
  4489 | D:$      | Got out of the dungeon alive.

Illustrated notes

Levels and vault maps discovered:
D:1:      dpeg_arrival_connections, layout_loops_ring
D:2:      layout_rooms, ebering_ecumenical_altar_petrified,
          minmay_pentomino_pile
D:3:      layout_loops_ring, overflow_temple_1_default, serial_shops, shop
D:4:      layout_basic, gup_sewer_entry_spiral, uniq_robin
D:5:      layout_cave_pools, serial_shops, shop, nicolae_shop_rolled_up,
          nicolae_shop_behind_doors, bh_walls_and_bars

Skill      XL: |  1  2  3  4  5  6  7 |
---------------+----------------------+-----
Spellcasting   | 3 4 5 |  5.0
Hexes          | 1 2 3 4 |  4.4
Dodging        | 3 4 |  4.3
Fighting       | 1 2 |  2.3
Summonings     | 5 |  5.3
Stealth        | |  2.6

Action                     |  1- 3 |  4- 6 |  7- 9 || total
---------------------------+-------+-------+-------++-------
  Melee: Unarmed           |    10 |     2 |       ||    12
         Bite              |     1 |       |       ||     1
   Cast: Summon Small Mamm |    45 |    18 |     2 ||    65
         Call Imp          |    11 |    39 |     5 ||    55
         Call Canine Famil |       |    41 |     6 ||    47
         Summon Guardian G |       |     2 |     2 ||     4
 Armour: Skin              |    12 |     3 |     5 ||    20
  Dodge: Dodged            |    22 |    19 |    11 ||    52

Table legend: (Time is in decaauts)
 A = Elapsed time spent in this place.
 B = Non-inter-level travel time spent in this place.
 C = Inter-level travel time spent in this place.
 D = Time resting spent in this place.
 E = Time spent auto-exploring this place.
 F = Levels seen in this place.
 G = Mean time per level.
                   A        B        C        D        E       F      G
               +--------+--------+--------+--------+--------+-----+--------+
         Total |   3943 |   3678 |    265 |    697 |   1546 |   5 |  788.6 |
       Dungeon |   3943 |   3678 |    265 |    697 |   1546 |   5 |  788.6 |
               +--------+--------+--------+--------+--------+-----+--------+

Top non-repeatable levels by time:
     D:4: 1309 daAuts
     D:1: 1196 daAuts
     D:2: 590 daAuts
     D:3: 547 daAuts
     D:5: 301 daAuts
